 Dungeon Crawl Stone Soup version 0.31.0-32-g396128a36d (webtiles) character file.

Game seed: 2971000926701389591

85 spaghetti the Slasher (level 4, -1/35 HPs)
             Began as a Demonspawn Berserker on Mar 23, 2024.
             Was a Follower of Trog.
             Slain by a gnoll
             ... wielding a +0 spear
              (6 damage)
             ... on level 3 of the Dungeon.
             The game lasted 00:01:57 (1684 turns).

spaghetti the Slasher (Demonspawn Berserker)        Turns: 1684, Time: 00:01:57

Health: -1/35      AC:  2    Str: 17    XL:     4   Next: 25%
Magic:  4/4        EV: 12    Int:  7    God:    Trog [*.....]
Gold:   27         SH:  0    Dex: 15    Spells: 3/3 levels left

rFire   . . .        a - +0 falchion
rCold   . . .        (no shield)
rNeg    . . .        b - +0 animal skin
rPois   .            (no helmet)
rElec   .            (no cloak)
rCorr   .            (no gloves)
SInv    .            (no boots)
Will    .....        (no amulet)
Stlth   +            (no ring)
HPRegen 0.25/turn    (no ring)
MPRegen 0.18/turn

%: no passive effects
@: no status effects
A: hooves 1, ignite blood 1, magic regeneration
a: Renounce Religion, Berserk


You were on level 3 of the Dungeon.
You worshipped Trog.
Trog was aware of your devotion.
You visited 1 branch of the dungeon, and saw 3 of its levels.

You collected 97 gold pieces.
You spent 70 gold pieces at shops.

Inventory:

Hand Weapons
 a - a +0 falchion (weapon)
Armour
 b - a +0 animal skin (worn)
Jewellery
 c - a ring of willpower
Wands
 f - a wand of flame (16)
 h - a wand of paralysis (9)
Scrolls
 e - a scroll of noise
 g - a scroll of poison {unknown}
Potions
 d - a potion of heal wounds
 i - a potion of berserk rage


   Skills:
 - Level 3.0 Fighting
 + Level 4.7 Long Blades
 - Level 1.7 Armour
 - Level 1.7 Dodging


You had 3 spell levels left.
You didn't know any spells.
Your spell library was empty.

Dungeon Overview and Level Annotations

Branches:
Dungeon (3/15)

Altars:

Shops:
D:3 !


Innate Abilities, Weirdness & Mutations

You have large cloven feet.
Your demonic aura sometimes causes spilled blood to erupt in flames.
You regenerate magic rapidly.


Message History

No target in view!
No target in view!
There is an entrance to Lommaecurgh's Distillery here.
i - a potion of berserk rage Thank you for shopping at Lommaecurgh's Distillery!
A gnoll comes into view. It is wielding a +0 spear.
A gnoll is nearby!
A gnoll is nearby!
A gnoll and a bat come into view.
The gnoll shouts! x2
A gnoll comes into view. It is wielding a +0 flail.
A gnoll comes into view. It is wielding a +0 spear.
The gnoll shouts! x2
You hit the bat.
You kill the bat!
Trog accepts your kill. The gnoll hits you with a +0 spear!
The gnoll hits you but does no damage.
You see here a bat corpse.
You are too injured to fight recklessly!
You are too injured to fight recklessly!
You are too injured to fight recklessly!
You are too injured to fight recklessly!
You are too injured to fight recklessly!
You are too injured to fight recklessly!
You are too injured to fight recklessly!
You are too injured to fight recklessly!
You are too injured to fight recklessly!
You are too injured to fight recklessly!
You are too injured to fight recklessly!
You are too injured to fight recklessly!
You fail to use your ability.
The gnoll closely misses you.
The gnoll hits you from afar with a +0 spear.
The gnoll hits you with a +0 spear! The gnoll attacks as it pursues you!
The gnoll hits you from afar with a +0 spear. x2
You open the door. The gnoll closely misses you.
The gnoll hits you with a +0 spear.
* * * LOW HITPOINT WARNING * * *
The gnoll hits you from afar with a +0 spear.
You die...

###.#..)# #. .##..##.#
#.##########.##..##.#
.............#......#
............##..#####
......................
...............######.
.......gg...∩......#
......g○@..###.###.#
......g##'## #.#
....... .# #r# .......
## #.# ####### .#


You could see 4 gnolls.

Vanquished Creatures
  2 adders (D:2)
  A ribbon worm (D:2)
  A dart slug (D:1)
  An orc (D:3)
  5 ball pythons
  4 endoplasms
  3 giant cockroaches
  9 goblins
  6 hobgoblins
  5 quokkas
  7 bats
  4 frilled lizards
  2 kobolds
  A rat (D:1)
51 creatures vanquished.

Notes
Turn   | Place    | Note
-------+----------+-------------------------------------------
     0 | D:1      | spaghetti the Demonspawn Berserker began the quest for the
                  | Orb.
     0 | D:1      | Reached XP level 1. HP: 18/18 MP: 1/1
   154 | D:1      | Reached skill level 3 in Long Blades
   193 | D:1      | Gained mutation: You regenerate magic rapidly. [demonic
                  | ancestry]
   193 | D:1      | Reached XP level 2. HP: 24/24 MP: 2/2
   555 | D:1      | Gained mutation: Your demonic aura sometimes causes spilled
                  | blood to erupt in flames. [demonic ancestry]
   555 | D:1      | Reached XP level 3. HP: 22/29 MP: 3/3
   655 | D:2      | Reached skill level 4 in Long Blades
  1157 | D:2      | Gained mutation: You have large cloven feet. [demonic
                  | ancestry]
  1157 | D:2      | Reached XP level 4. HP: 35/35 MP: 4/4
  1660 | D:3      | Found Lommaecurgh's Distillery.
  1676 | D:3      | Bought a potion of berserk rage for 70 gold pieces
  1684 | D:3      | Slain by a gnoll

Illustrated notes

Levels and vault maps discovered:
D:1:      dpeg_arrival_chambers_temple_mockup, layout_basic,
          hangedman_glass_teeth
D:2:      layout_loops_ring
D:3:      layout_basic, serial_shops, shop

Skill      XL: |  1  2  3 |
---------------+----------+-----
Long Blades    | 3 4 |  4.7
Fighting       | |  3.0
Armour         | |  1.7
Dodging        | |  1.7

Action                     |  1- 3 |  4- 6 || total
---------------------------+-------+-------++-------
  Melee: Falchion          |   122 |    34 ||   156
         Kick              |       |     7 ||     7
 Invoke: Berserk           |     3 |       ||     3
    Use: Scroll            |     2 |     1 ||     3
         Potion            |       |     2 ||     2
   Stab: Sleeping          |       |     1 ||     1
 Armour: Animal skin       |    92 |    21 ||   113
  Dodge: Dodged            |    82 |    20 ||   102
